Map: Abiogénesis EJ

Players

Drizzt

  • Race: Zerg Zerg
  • Spawn Location: 11:00

IA (Muy fácil) 1 - Winner!

  • Race: Protoss Protoss
  • Spawn Location: 5:00

VOD

Have the link to the VOD?

Description

Time

  • Played on: May 14, 2018, 11:53 a.m.
  • Length: 12:09
Show
View Real Time Build Order
Export as new Build Order

Drizzt Zerg 

Build Orders: Hatch First, Lurkers 

Get SALT Encoding   

  12  0:02  Drone  
  13  0:13  Overlord  
  13  0:18  Drone  
  14  0:32  Drone x2  
  14  0:35  Drone  
  17  0:46  Drone  
  18  0:59  Hatchery  
  17  1:05  Drone  
  17  1:08  Drone  
  19  1:11  Extractor  
  18  1:19  Spawning Pool  
  18  1:22  Drone  
  18  1:29  Drone  
  19  1:39  Overlord  
  19  2:06  Queen  
  21  2:10  Hatchery  
  21  2:14  Queen  
  22  2:20  Metabolic Boost  
  22  2:29  Drone x2  
  24  2:32  Drone  
  25  2:37  Drone  
  26  2:59  Zergling x6  
  29  3:14  Overlord  
  29  3:25  Queen x2  
  29  3:27  Queen  
  33  3:32  Drone x2  
  33  3:33  Drone x5  
  42  3:43  Spore Crawler  
  42  3:46  Spore Crawler  
  40  3:49  Drone x2  
  40  3:50  Drone  
  43  3:58  Roach Warren  
  42  4:04  Spore Crawler  
  41  4:16  Lair  
  41  4:24  Overlord x2  
  41  4:28  Drone  
  41  4:29  Drone x7  
  49  4:45  Drone, Evolution Chamber  
  48  4:46  Drone, Evolution Chamber  
  48  4:49  Extractor  
  48  4:53  Drone  
  48  4:54  Drone x5  
  48  4:58  Extractor  
  48  4:59  Extractor, Drone x2  
  54  5:03  Extractor  
  54  5:04  Extractor  
  52  5:17  Drone x3  
  55  5:35  Drone  
  56  5:36  Drone x2  
  56  5:37  Drone  
  56  5:38  Drone x4  
  56  5:41  Drone x3  
  66  5:47  Overlord x3  
  66  6:03  Hydralisk Den  
  65  6:05  Zerg Missile Weapons Level 1, Zerg Melee Weapons Level 1  
  65  6:08  Drone  
  65  6:10  Drone  
  68  6:11  Drone  
  68  6:16  Drone x2  
  70  6:19  Drone x2  
  70  6:20  Drone x2  
  74  6:26  Drone x3  
  74  6:30  Drone x4  
  81  6:33  Overlord x3  
  81  6:34  Overlord  
  81  6:38  Overseer  
  81  6:46  Grooved Spines  
  81  6:58  Hydralisk  
  81  6:59  Hydralisk x10  
  103  7:02  Hydralisk  
  103  7:03  Hydralisk  
  103  7:05  Hydralisk  
  109  8:08  Lurker Den  
  109  8:10  Infestation Pit  
  107  8:14  Zerg Missile Weapons Level 2, Zerg Melee Weapons Level 2  
  107  8:17  Muscular Augments  
  107  8:31  Hatchery  
  106  8:50  Hive  
  106  8:56  Spire  
  105  9:16  Drone  
  105  9:17  Drone x11  
  111  9:22  Overlord x2  
  111  9:23  Overlord x2  
  117  9:44  Lurker  
  117  9:45  Lurker x13  
  131  10:06  Queen  
  133  10:10  Greater Spire  
  133  10:15  Corruptor x9  
  155  10:28  Adrenal Glands  
  148  10:53  Ultralisk Cavern  
  147  11:40  Corruptor x5  
Show
View Real Time Build Order
Export as new Build Order

IA (Muy fácil) 1 Protoss - Winner!

Build Orders: 1 Gate Expand, Nexus First 

Get SALT Encoding   

  12  0:00  Probe  
  13  0:13  Probe  
  14  0:19  Pylon  
  14  0:42  Gateway  
  14  1:02  Nexus  
  14  1:22  Zealot, Pylon  
  14  1:25  Assimilator  
  16  1:37  Cybernetics Core  
  16  1:40  Probe  
  17  1:52  Probe  
  18  2:02  Probe  
  18  2:04  Assimilator  
  19  2:09  Warp Gate  
  19  2:10  Probe  
  20  2:16  Stalker  
  20  2:21  Probe  
  23  2:24  Probe  
  24  2:35  Probe  
  25  2:42  Probe  
  26  2:53  Probe  
  26  2:54  Assimilator  
  26  2:57  Pylon  
  27  3:00  Probe  
  28  3:07  Probe  
  29  3:14  Probe  
  29  3:17  Robotics Facility  
  30  3:21  Probe  
  30  3:25  Zealot  
  33  3:31  Probe  
  34  3:39  Probe  
  35  3:46  Probe  
  36  3:53  Probe  
  37  4:00  Probe  
  38  4:03  Observer  
  38  4:07  Probe  
  40  4:10  Probe  
  41  4:18  Observer  
  41  4:22  Probe  
  41  4:23  Assimilator  
  42  4:29  Probe  
  44  4:34  Sentry  
  44  4:36  Probe  
  47  4:39  Pylon  
  47  4:44  Probe  
  48  4:51  Probe  
  49  4:58  Probe  
  50  5:55  Observer  
  50  10:17  Warp Prism  
  50  10:26  Gateway  
  50  10:28  Robotics Bay  
  52  10:29  Stargate  
  52  10:32  Pylon  
  52  10:44  Zealot  
  52  10:47  Observer  
  50  10:56  Warp Prism  
  51  11:06  Observer Gravitic Boosters  
  49  11:18  Zealot  
  51  11:19  Gateway  
  49  11:35  Pylon  
  49  11:39  Probe  
  29  11:42  Nexus  
  29  11:47  Probe  
  32  11:55  Probe  
Tags
 
Add a new tag
Caveats
  • Supply blocks, unpowered buildings, or Contaminate may cause inaccurate times.
  • Supply counts are checked every 10 seconds.